 Dungeon Sprint DCSS version 0.31-a0-18-gea43df2a32 (webtiles) character file.

Game seed: 926328071894717941

3273 sircluck the Grappler (level 9, -11/105 HPs)
             Began as a Troll Berserker on May 10, 2023.
             Was a High Priest of Trog.
             Succumbed to poison (dark miasma)
             ... in the Dungeon (Sprint II: "The Violet Keep of Menkaure").
             The game lasted 00:02:53 (534 turns).

sircluck the Grappler (Troll Berserker)              Turns: 534, Time: 00:02:53

Health: -11/105    AC:  3    Str: 31    XL:     9   Next: 68%
Magic:  8/8        EV: 12    Int:  3    God:    Trog [*****.]
Gold:   500        SH:  0    Dex:  9    Spells: 8/8 levels left

rFire   . .          .
                       - Unarmed
rCold   . . .        (no shield)
rNeg    . . .        a - +0 animal skin
rPois   .            (helmet restricted)
rElec   .            (no cloak)
rCorr   .            (gloves unavailable)
SInv    .            (boots unavailable)
Will    ++...        (no amulet)
Stlth   +            (no ring)
HPRegen 2.17/turn    (no ring)
MPRegen 0.11/turn

%: no teleportation
@: lethally poisoned (-11 -> -72), strong-willed (expiring), regenerating
(expiring), slowed, very slow
A: large, unfitting armour, claws 3, regeneration 1, shaggy fur 1, tough skin 1,
horns 1, deformed body, screaming 1
a: Renounce Religion, Berserk, Trog's Hand, Brothers in Arms


You were in the Dungeon.
You worshipped Trog.
Trog was extremely pleased with you.
You visited 1 branch You collected 500 gold pieces.

Inventory:

Armour
 a - a +0 animal skin (worn)
Potions
 d - a potion of haste
 e - 2 potions of magic
 f - a potion of berserk rage


   Skills:
 + Level 11.1 Fighting
 + Level 10.7 Dodging
 + Level 14.4 Unarmed Combat


You had 8 spell levels left.
You didn't know any spells.
Your spell library was empty.

Dungeon Overview and Level Annotations

Branches:
Dungeon (1/1)

Altars:

Shops:
D =*[*!:[!(=


Innate Abilities, Weirdness & Mutations

You are too large for most types of armour.
You have claws for hands.
Your natural rate of healing is unusually fast.
You are covered in fur. (AC +1)
You have tough skin. (AC +1)
You have a pair of small horns on your head.
Armour fits poorly on your strangely shaped body.
You occasionally shout uncontrollably at your foes.


Message History

You start resting.
HP restored.
Your skin crawls.
You feel strong-willed.
This gate is marked as excluded!
Open it anyway?
You open the gate.
There is an open gate here.
You enter the shallow water.
There is an open gate here.
You are engulfed in dark miasma.
You are poisoned.
You feel very sick.
You feel very sick.
Really walk into that cloud of foul pestilence?
You are engulfed in dark miasma.
You are more poisoned.
You feel extremely sick.
You are engulfed in dark miasma.
You are more poisoned.
You feel extremely sick.
You are engulfed in dark miasma.
You are more poisoned.
You feel extremely sick.
You are engulfed in dark miasma.
You are more poisoned.
You feel extremely sick.
You see here a water moccasin skeleton.
Unknown command.
You are engulfed in dark miasma.
You are lethally poisoned!
You feel yourself slow down.
* * * LOW HITPOINT WARNING * * *
x2 You feel extremely sick.
Why would you want to do that?
You're standing in a cloud of foul pestilence!
You're standing in a cloud of foul pestilence!
You are engulfed in dark miasma.
You are more poisoned.
* * * LOW HITPOINT WARNING * * *
You feel the effects of Trog's Hand fading.
You die...

?#
##~~~#..#..#~~~~~
#'#~##...##~~~§§
#.#~~##'##~~~≈§≈
####~~~~~~~~~~≈≈
#+++#'''#~≈≈≈
##○○○○.§.## ≈
##○○°○○≈§°§#
+○○○○○≈≈°○≈≈+
##§@○°○○○☼☼##
##○°○°°§○##
####+####


There were no monsters in sight!

Vanquished Creatures
  A merfolk siren (D)
  12 flying skulls (D)
  2 wyverns (D)
  4 neqoxecs (D)
  A vampire mosquito (D)
  Menkaure (D)
  3 worms (D)
24 creatures vanquished.

Vanquished Creatures (others)
  A water moccasin (D)
1 creature vanquished.

Grand Total: 25 creatures vanquished

Notes
Turn   | Place    | Note
-------+----------+-------------------------------------------
     0 | D        | sircluck the Troll Berserker began the quest for the Orb.
     0 | D        | Reached XP level 1. HP: 22/22 MP: 0/0
     1 | D        | Noticed a neqoxec
     1 | D        | Noticed a neqoxec
     1 | D        | Noticed a neqoxec
     1 | D        | Noticed a neqoxec
     9 | D        | Killed a neqoxec
     9 | D        | Gained mutation: You occasionally shout uncontrollably at
                  | your foes. [a neqoxec]
    10 | D        | Reached skill level 5 in Fighting
    10 | D        | Reached skill level 5 in Dodging
    10 | D        | Reached skill level 6 in Unarmed Combat
    10 | D        | Reached XP level 2. HP: 35/35 MP: 1/1
    10 | D        | Reached XP level 3. HP: 42/42 MP: 2/2
    10 | D        | Reached XP level 4. HP: 50/50 MP: 3/3
    11 | D        | Killed a neqoxec
    12 | D        | Reached skill level 8 in Unarmed Combat
    12 | D        | Reached XP level 5. HP: 61/61 MP: 4/4
    12 | D        | Reached XP level 6. HP: 68/68 MP: 5/5
    18 | D        | Lost intelligence.
    21 | D        | Gained mutation: You have a pair of small horns on your
                  | head. [a neqoxec]
    23 | D        | Gained mutation: Armour fits poorly on your strangely
                  | shaped body. [a neqoxec]
    24 | D        | Killed a neqoxec
    24 | D        | Reached ** piety under Trog
    25 | D        | Reached skill level 9 in Unarmed Combat
    27 | D        | Killed a neqoxec
    72 | D        | Noticed a wyvern
    72 | D        | Noticed a wyvern
    77 | D        | Killed a wyvern
    78 | D        | Reached skill level 10 in Unarmed Combat
    78 | D        | Reached XP level 7. HP: 80/80 MP: 6/6
    81 | D        | Killed a wyvern
   117 | D        | Reached *** piety under Trog
   130 | D        | Noticed a merfolk siren
   136 | D        | Killed a merfolk siren
   136 | D        | Reached **** piety under Trog
   137 | D        | Reached skill level 11 in Unarmed Combat
   137 | D        | Reached XP level 8. HP: 92/92 MP: 7/7
   180 | D        | Noticed a flying skull
   180 | D        | Noticed a flying skull
   180 | D        | Noticed a flying skull
   180 | D        | Noticed a flying skull
   180 | D        | Noticed a flying skull
   180 | D        | Noticed a flying skull
   180 | D        | Noticed a flying skull
   180 | D        | Noticed a flying skull
   182 | D        | Noticed a flying skull
   182 | D        | Noticed a flying skull
   183 | D        | Noticed a flying skull
   183 | D        | Noticed a flying skull
   186 | D        | Killed a flying skull
   194 | D        | Killed a flying skull
   195 | D        | Reached skill level 12 in Unarmed Combat
   196 | D        | Killed a flying skull
   280 | D        | Killed a flying skull
   285 | D        | Killed a flying skull
   286 | D        | Reached skill level 10 in Fighting
   287 | D        | Killed a flying skull
   288 | D        | Reached skill level 13 in Unarmed Combat
   288 | D        | Reached XP level 9. HP: 101/101 MP: 8/8
   292 | D        | Reached skill level 10 in Dodging
   359 | D        | Reached ***** piety under Trog
   372 | D        | Reached skill level 14 in Unarmed Combat
   404 | D        | Found Ceguv's Antique Armour Shop.
   406 | D        | Found Qeseutumef's Distillery.
   406 | D        | Found Itied's Book Boutique.
   407 | D        | Found Iwnuex's Assorted Antiques.
   407 | D        | Found Qolaluca's Jewellery Shop.
   407 | D        | Found Eceuh's Antique Armour Shop.
   419 | D        | Found Nama's Assorted Antiques.
   419 | D        | Found Vaoli's Distillery.
   419 | D        | Found Foampe's Jewellery Boutique.
   420 | D        | Found Firub's Antique Weapon Boutique.
   431 | D        | Noticed Menkaure
   437 | D        | Killed Menkaure
   534 | D        | Succumbed to poison (dark miasma)

Illustrated notes

Levels and vault maps discovered:
D:        the_violet_keep_of_menkaure [sprint2_stairs_cluster_1,
          sprint2_shoproom, sprint2_temple, sprint2_basic_supplies,
          sprint2_obstacle_1, sprint2_obstacle_3, sprint2_obstacle_6,
          sprint2_obstacle_2, sprint2_obstacle_4, sprint2_timed_cluster_1,
          sprint2_smallroom_cluster_1, sprint2_smallroom_final_cluster_1,
          sprint2_transparent_cluster_1, sprint2_second_timed_cluster_1,
          sprint2_sniper_area_1, sprint2_heavy_combat_area_1,
          sprint2_mutation_trap_area_1, sprint2_forest_area_1,
          sprint2_light_combat_area_1, sprint2_behind_water_1,
          sprint2_near_end_vault_1]

Skill      XL: |  1  2  3  4  5  6  7  8  9 |
---------------+----------------------------+-----
Fighting       | 5 6 8 9 10 11 | 11.1
Dodging        | 5 6 7 8 9 10 | 10.7
Unarmed Combat | 6 8 10 11 13 14 | 14.4

Action                     |  1- 3 |  4- 6 |  7- 9 || total
---------------------------+-------+-------+-------++-------
  Melee: Unarmed           |     7 |    18 |    68 ||    93
         Headbutt          |       |     2 |     3 ||     5
         Punch             |       |     1 |     2 ||     3
 Invoke: Berserk           |     1 |     1 |     3 ||     5
         Brothers in Arms  |       |       |     1 ||     1
         Trog's Hand       |       |       |     1 ||     1
    Use: Potion            |       |       |     2 ||     2
         Scroll            |       |       |     1 ||     1
 Armour: Animal skin       |       |     3 |    10 ||    13
  Dodge: Dodged            |     1 |     5 |    49 ||    55

Table legend: (Time is in decaauts)
 A = Elapsed time spent in this place.
 B = Non-inter-level travel time spent in this place.
 C = Inter-level travel time spent in this place.
 D = Time resting spent in this place.
 E = Time spent auto-exploring this place.
 F = Levels seen in this place.
 G = Mean time per level.
                   A        B        C        D        E       F      G
               +--------+--------+--------+--------+--------+-----+--------+
         Total |    572 |    572 |      0 |    365 |      8 |   1 |  572.0 |
       Dungeon |    572 |    572 |      0 |    365 |      8 |   1 |  572.0 |
               +--------+--------+--------+--------+--------+-----+--------+

Top non-repeatable levels by time:
       D: 572 daAuts
